[Event "Azerbaijan Women Championship 2024"]
[Site "?"]
[Date "2024.02.11"]
[Round "1.1"]
[White "Abdulla, Khayala"]
[Black "Huseynova, Lala"]
[Result "1-0"]
[ECO "B50"]
[WhiteElo "2241"]
[BlackElo "1846"]
[Annotator "NA RC"]
[PlyCount "62"]
[EventDate "2024.02.10"]
[EventType "swiss"]
[SourceTitle "playchess.com"]
[Source "ChessBase"]
[SourceQuality "1"]
[TimeControl "40/5400+30:1800+30"]

1. e4 c5 2. Nf3 d6 3. c3 Nf6 4. h3 g6 5. Bd3 Bg7 6. Bc2 e5 7. d4 cxd4 8. cxd4 exd4 9. Nxd4 O-O 10. O-O Nc6 11. Nxc6 bxc6 12. Nc3 Be6 13. Bg5 Qa5 14. Qd2 Rfb8 15. Rab1 d5 16. b4 Rxb4 17. Nxd5 cxd5 18. Rxb4 Bf8 19. Rfb1 Bxb4 20. Rxb4 Ne8 21. Ba4 Qc5 22. Bh6 Qe7 23. Qb2 Qf6 24. e5 Qd8 25. Bxe8 Qxe8 26. Bg5 Rc8 27. Rb7 a6 28. Qb4 Qc6 29. Bh6 d4 30. Qe7 Bd5 31. Rd7 Qe6 1-0

[Event "Azerbaijan Women Championship 2024"]
[Site "?"]
[Date "2024.02.11"]
[Round "1.2"]
[White "Nuriyeva, Nurtan"]
[Black "Ibrahimova, Sabina"]
[Result "0-1"]
[ECO "E61"]
[WhiteElo "1827"]
[BlackElo "2163"]
[Annotator "NA RC"]
[PlyCount "74"]
[EventDate "2024.02.10"]
[EventType "swiss"]
[SourceTitle "playchess.com"]
[Source "ChessBase"]
[SourceQuality "1"]
[TimeControl "40/5400+30:1800+30"]

1. d4 Nf6 2. Nf3 g6 3. c4 Bg7 4. Nc3 O-O 5. Bg5 d6 6. e3 h6 7. Bh4 c5 8. d5 b5 9. cxb5 a6 10. bxa6 Qa5 11. Bxf6 Bxf6 12. Qd2 Nd7 13. Be2 Bxa6 14. O-O Rfb8 15. Rfc1 Bxe2 16. Qxe2 Qb4 17. Rc2 Nb6 18. e4 Nc4 19. Nd1 Nb6 20. g3 Rb7 21. Kg2 Ra4 22. e5 dxe5 23. Nxe5 Qd4 24. Nf3 Qxd5 25. Ne3 Qc6 26. a3 Nd7 27. Rac1 Rb3 28. Kg1 Qb7 29. Qd1 Bd4 30. Rd2 e5 31. Nxd4 exd4 32. Nc4 Rxc4 33. Rxc4 Ne5 34. Rxc5 Nf3+ 35. Kf1 Nxd2+ 36. Qxd2 Rxb2 37. Rc2 Rb1+ 0-1

[Event "Azerbaijan Women Championship 2024"]
[Site "?"]
[Date "2024.02.11"]
[Round "1.3"]
[White "Allahverdiyeva, Ayan"]
[Black "Valiyeva, Asnad"]
[Result "1/2-1/2"]
[ECO "B12"]
[WhiteElo "2148"]
[BlackElo "1614"]
[Annotator "NA RC"]
[PlyCount "180"]
[EventDate "2024.02.10"]
[EventType "swiss"]
[SourceTitle "playchess.com"]
[Source "ChessBase"]
[SourceQuality "1"]
[TimeControl "40/5400+30:1800+30"]

1. e4 c6 2. d4 d5 3. e5 Bf5 4. h4 h5 5. Bd3 Bxd3 6. Qxd3 e6 7. Bg5 Qb6 8. Nd2 c5 9. Ne2 Nc6 10. O-O Nge7 11. c4 Qa6 12. Rfd1 Nf5 13. b4 Nxb4 14. Qb1 dxc4 15. d5 Nxd5 16. Nxc4 Be7 17. Bxe7 Ndxe7 18. Nd6+ Nxd6 19. exd6 Nd5 20. d7+ Ke7 21. Rxd5 exd5 22. Nf4 Rad8 23. Qf5 Qa5 24. Nxd5+ Kf8 25. Rd1 Qa4 26. Nc3 Qc6 27. Ne4 Rh6 28. Ng5 Qf6 29. Qxc5+ Qe7 30. Qf5 Kg8 31. Rd3 Rg6 32. Re3 Rxg5 33. Rxe7 Rxf5 34. Re8+ Kh7 35. Rxd8 Rd5 36. Kf1 Kg6 37. Ke2 Kf6 38. Ra8 Rxd7 39. Rxa7 g6 40. Ke3 Ke6 41. f3 Kd6 42. g4 hxg4 43. fxg4 Ke6 44. a4 f5 45. Ra5 fxg4 46. Rg5 Kf6 47. Rxg4 Rd6 48. Rf4+ Ke5 49. Kf3 Rd1 50. Rb4 Ra1 51. Ke3 Ra3+ 52. Kd2 Kd5 53. Rg4 Rh3 54. Ke2 Ke5 55. Rb4 Ra3 56. Kd2 Kd5 57. Kc2 Kc5 58. Rg4 Rh3 59. Kb2 Kd5 60. Rf4 Kc5 61. Kc2 Rg3 62. Kd2 Kd5 63. Rb4 Ra3 64. Ke2 Ke5 65. Kf2 Kf5 66. Kg2 Ke5 67. Rc4 Rb3 68. Kf2 Kf5 69. Rd4 Rc3 70. Ke2 Ke5 71. Rb4 Ra3 72. Kd2 Kd5 73. Rf4 Rg3 74. Ke2 Ke5 75. Rc4 Rb3 76. Rg4 Rh3 77. Kd2 Kd5 78. Kc2 Kc5 79. Re4 Rf3 80. Re5+ Kb4 81. Re4+ Kc5 82. Kd1 Kd5 83. Rg4 Rh3 84. Kd2 Ke5 85. Rb4 Kd5 86. Kc2 Kc6 87. Kb2 Rg3 88. Kc2 Rh3 89. Kd2 Rg3 90. Ke2 g5 1/2-1/2

[Event "Azerbaijan Women Championship 2024"]
[Site "?"]
[Date "2024.02.11"]
[Round "1.4"]
[White "Bashirli, Saadat"]
[Black "Hajiyeva, Laman"]
[Result "1/2-1/2"]
[ECO "D10"]
[WhiteElo "1608"]
[BlackElo "2121"]
[Annotator "NA RC"]
[PlyCount "83"]
[EventDate "2024.02.10"]
[EventType "swiss"]
[SourceTitle "playchess.com"]
[Source "ChessBase"]
[SourceQuality "1"]
[TimeControl "40/5400+30:1800+30"]

1. d4 d5 2. c4 c6 3. e3 Nf6 4. Nc3 Bf5 5. cxd5 cxd5 6. Qb3 Nc6 7. Qxb7 Bd7 8. Qb3 Rb8 9. Qd1 e5 10. dxe5 Nxe5 11. Be2 Bd6 12. Nf3 Nxf3+ 13. Bxf3 Qc7 14. h3 O-O 15. O-O Rfd8 16. Ne2 Bb5 17. Re1 Ne4 18. Bxe4 dxe4 19. Nd4 Bh2+ 20. Kh1 Be5 21. Bd2 Bxd4 22. exd4 Rxd4 23. Bf4 Rxd1 24. Bxc7 Rxa1 25. Rxa1 Rc8 26. Rd1 Bd3 27. Bf4 f5 28. Rc1 Rxc1+ 29. Bxc1 Kf7 30. Be3 a6 31. Kh2 Bc4 32. b3 Be2 33. Kg3 Ke6 34. h4 Bf1 35. f3 Kd5 36. Kf2 Bd3 37. g4 exf3 38. Kxf3 fxg4+ 39. Kxg4 Bb1 40. a3 Bc2 41. b4 Kc4 42. Bc5 1/2-1/2

[Event "Azerbaijan Women Championship 2024"]
[Site "?"]
[Date "2024.02.11"]
[Round "1.5"]
[White "Abdinova, Narmin"]
[Black "Huseynli, Ayan"]
[Result "1-0"]
[ECO "C02"]
[WhiteElo "2061"]
[BlackElo "1475"]
[Annotator "NA RC"]
[PlyCount "87"]
[EventDate "2024.02.10"]
[EventType "swiss"]
[SourceTitle "playchess.com"]
[Source "ChessBase"]
[SourceQuality "1"]
[TimeControl "40/5400+30:1800+30"]

1. e4 e6 2. d4 d5 3. e5 c5 4. c3 Qb6 5. Nf3 Nc6 6. Bd3 cxd4 7. O-O Bd7 8. Re1 dxc3 9. Nxc3 Nb4 10. Be3 Bc5 11. Na4 Bxa4 12. Qxa4+ Nc6 13. Bxc5 Qxc5 14. Qg4 g6 15. a3 Nge7 16. Rac1 Qb6 17. b4 a6 18. h4 h5 19. Qg5 Qd8 20. Qf6 Rf8 21. Qf4 Rh8 22. a4 Nf5 23. Bxf5 gxf5 24. b5 Na5 25. bxa6 Rxa6 26. Red1 Nc6 27. Rd2 Qa5 28. Rb2 Rb6 29. Rcb1 Rxb2 30. Rxb2 Qc7 31. Qg5 Ne7 32. Qd2 Nc6 33. Qe3 Rg8 34. Qc5 Kd7 35. Qb5 Rg4 36. Ng5 Qxe5 37. g3 Qc7 38. Nxf7 Rc4 39. a5 Qxa5 40. Ne5+ Ke8 41. Nxc4 Qe1+ 42. Kh2 dxc4 43. Qxc4 Ne7 44. Re2 1-0

[Event "Azerbaijan Women Championship 2024"]
[Site "?"]
[Date "2024.02.11"]
[Round "1.6"]
[White "Rzali, Leyla"]
[Black "Rzali, Sabina"]
[Result "0-1"]
[ECO "C01"]
[WhiteElo "1473"]
[BlackElo "2023"]
[Annotator "NA RC"]
[PlyCount "56"]
[EventDate "2024.02.10"]
[EventType "swiss"]
[SourceTitle "playchess.com"]
[Source "ChessBase"]
[SourceQuality "1"]
[TimeControl "40/5400+30:1800+30"]

1. e4 e6 2. d4 d5 3. exd5 exd5 4. Be2 Bd6 5. Nf3 Ne7 6. Be3 Nbc6 7. Nc3 Bf5 8. Qd2 Qd7 9. O-O-O a6 10. Rhe1 Nb4 11. Bd3 Nxd3+ 12. cxd3 b5 13. Bf4 O-O 14. Ne5 Bxe5 15. dxe5 b4 16. Ne2 c5 17. Qe3 d4 18. Qg3 Qd5 19. b3 a5 20. h4 a4 21. Kb2 axb3 22. axb3 Ra3 23. Nc1 Be6 24. Bh6 Nf5 25. Qg5 Rfa8 26. Bxg7 Rxb3+ 27. Kc2 Rc3+ 28. Kd2 Ra2+ 0-1

[Event "Azerbaijan Women Championship 2024"]
[Site "?"]
[Date "2024.02.11"]
[Round "1.7"]
[White "Hasanova, Turkan"]
[Black "Huseynova, Dinara"]
[Result "1-0"]
[ECO "A47"]
[WhiteElo "2000"]
[BlackElo "1453"]
[Annotator "NA RC"]
[PlyCount "49"]
[EventDate "2024.02.10"]
[EventType "swiss"]
[SourceTitle "playchess.com"]
[Source "ChessBase"]
[SourceQuality "1"]
[TimeControl "40/5400+30:1800+30"]

1. d4 Nf6 2. Bf4 b6 3. Nf3 Bb7 4. e3 e6 5. Nbd2 d6 6. Bd3 Nbd7 7. c3 g6 8. Qc2 Bg7 9. h4 Qe7 10. Ne4 O-O-O 11. a4 e5 12. Bg5 exd4 13. Nxf6 Bxf6 14. cxd4 Bxg5 15. hxg5 Bxf3 16. gxf3 Qxg5 17. Ba6+ Kb8 18. a5 c5 19. Qa4 Kc7 20. Bd3 Ra8 21. Be4 d5 22. f4 Qe7 23. Bxd5 Rab8 24. axb6+ axb6 25. Qb5 1-0